Map: Prion Terraces

Players

uThermal - Winner!

  • Race: Terran Terran
  • League: Master

Bluecheese

  • Race: Terran Terran
  • League: Master

VOD

Have the link to the VOD?

Description

Time

  • Played on: Dec. 29, 2015, 9:28 a.m.
  • Length: 6:52
Show
View Real Time Build Order
Export as new Build Order

uThermal Terran - Winner!

Build Orders: 1/1/1 

Get SALT Encoding   

  12  0:01  SCV  
  13  0:13  SCV  
  14  0:17  Supply Depot  
  14  0:26  SCV  
  14  0:27  Refinery  
  15  0:39  SCV  
  16  0:44  Barracks  
  16  0:51  SCV  
  17  1:00  Refinery  
  17  1:03  SCV  
  18  1:15  SCV  
  19  1:31  Orbital Command  
  19  1:32  Reaper  
  20  1:37  Factory  
  20  1:43  Supply Depot  
  20  1:56  SCV  
  21  2:04  Reaper  
  22  2:09  SCV  
  22  2:21  SCV  
  25  2:23  Hellion, Starport  
  25  2:28  Supply Depot  
  25  2:33  SCV  
  25  2:36  Reaper  
  28  2:51  Hellion  
  28  2:52  SCV  
  29  3:00  Starport Tech Lab  
  29  3:04  SCV  
  29  3:05  Supply Depot  
  30  3:08  Reaper  
  33  3:13  Hellion  
  33  3:16  SCV  
  33  3:18  Raven  
  36  3:28  SCV  
  39  3:34  Hellion  
  39  3:40  SCV  
  41  3:44  Supply Depot  
  41  3:46  Barracks Reactor  
  40  3:54  SCV  
  41  4:02  Command Center  
  41  4:05  Siege Tank  
  44  4:10  Viking  
  44  4:14  SCV  
  47  4:23  Supply Depot, Marine x2  
  49  4:30  SCV  
  49  4:40  Medivac  
  51  4:46  Marine  
  51  4:48  Siege Tank  
  55  4:53  Engineering Bay  
  55  4:58  Supply Depot  
  55  5:11  SCV, Medivac, Marine  
  59  5:20  Siege Tank  
  62  5:24  Missile Turret  
  62  5:26  Missile Turret  
  61  5:30  Marine  
  61  5:32  SCV  
  63  5:41  Viking  
  65  5:50  Orbital Command  
  63  6:02  SCV  
  63  6:03  Marine  
  61  6:05  Siege Tank  
  64  6:15  SCV  
  65  6:22  SCV  
  65  6:25  Marine  
  64  6:27  SCV  
  64  6:30  Barracks  
  64  6:31  Barracks  
  64  6:34  SCV  
  64  6:39  SCV  
Show
View Real Time Build Order
Export as new Build Order

Bluecheese Terran 

Build Orders: 1/1/1, Banshee Rush 

Get SALT Encoding   

  12  0:01  SCV  
  13  0:13  SCV  
  14  0:18  Supply Depot  
  14  0:25  SCV  
  15  0:29  Refinery  
  15  0:39  SCV  
  16  0:45  Barracks  
  16  0:51  SCV  
  16  0:56  Refinery  
  17  1:03  SCV  
  19  1:18  SCV  
  19  1:32  Factory, Orbital Command  
  19  1:36  Reaper  
  20  1:45  Supply Depot  
  20  1:57  SCV  
  21  2:08  Reaper  
  22  2:09  SCV  
  23  2:17  Hellion  
  23  2:18  Starport  
  23  2:22  SCV  
  26  2:29  Supply Depot  
  26  2:38  Hellion  
  26  2:40  Reaper  
  29  2:52  SCV  
  29  2:54  Starport Tech Lab  
  30  3:00  Hellion  
  30  3:04  SCV  
  33  3:12  Reaper  
  34  3:16  Banshee, Cloaking Field  
  37  3:23  SCV  
  37  3:24  Supply Depot  
  37  3:25  Factory Tech Lab  
  38  3:35  SCV  
  39  3:45  Cyclone  
  42  3:54  Command Center  
  42  4:01  SCV  
  43  4:03  Supply Depot  
  43  4:13  SCV  
  43  4:15  Raven  
  46  4:25  SCV  
  46  4:26  Supply Depot, Barracks Reactor  
  42  4:48  SCV  
  40  4:53  Command Center  
  40  4:58  Siege Tank  
  43  5:02  SCV  
  43  5:04  Marine x2  
  46  5:14  Orbital Command  
  46  5:16  SCV  
  47  5:22  Barracks, Marine x2  
  49  5:30  SCV  
  49  5:33  Starport Tech Lab  
  49  5:35  Siege Tank  
  49  5:36  Barracks, Orbital Command  
  49  5:42  SCV  
  53  5:54  SCV  
  52  6:00  Marine  
  52  6:01  Marine  
  51  6:06  SCV  
  51  6:08  Siege Tank  
  55  6:13  Starport Reactor  
  52  6:18  SCV  
  52  6:24  Marine x3  
  42  6:37  Barracks  
  38  6:40  Barracks  
Tags
 
Add a new tag
Caveats
  • Supply blocks, unpowered buildings, or Contaminate may cause inaccurate times.
  • Supply counts are checked every 10 seconds.